[ AOE2 MATCH · #475718603 ]
1v1 RMTupi vs Saracens
Player's team · LOSS
[ REPLAY ANALYSIS · EXTRACTED FROM THE RECORDED GAME ]
Feudal
11:39
Castle
19:08
Imperial
—
| APM avg | 27.4 |
| APM peak | 60 |
| eAPM avg | 6.9 |
| Villagers / military | 29 / 11 |
Focus
⚔️ 19.7% · 🌾 80.3%
Unknown (2579) ×17 · Spearman ×10 · Mangonel ×1
Feudal
9:51
Castle
20:16
Imperial
—
| APM avg | 26.1 |
| APM peak | 53 |
| eAPM avg | 17.3 |
| Villagers / military | 92 / 33 |
Focus
⚔️ 21.1% · 🌾 78.9%
Militia ×19 · Scorpion ×4 · Battering Ram ×4 · Scout Cavalry ×3 · Knight ×3
Match map
Initial resources + every placement click. Lines = walls · curves = elevation contours. ◆ gold · ⬟ stone · ● berries · ✦ relic · ◌ wall gap
Your base· Open — unwalled flank
DEMOCRATIZADOR_666's base· Open — unwalled flank
Smoothed initial terrain · ◌ = detected wall gap · hover for details
Inputs per minute
— El Mike - - DEMOCRATIZADOR_666
Build order — El Mike
89 actions detected in the replay
| 0:04 | Build | House |
| 0:05 | Build | House |
| 0:08 | Create | Villager (Male) ×4 |
| 1:40 | Create | Villager (Male) |
| 1:55 | Build | Settlement |
| 1:58 | Create | Villager (Male) |
| 1:59 | Create | Villager (Male) |
| 2:26 | Research | Loom |
| 2:50 | Create | Villager (Male) |
| 3:08 | Create | Villager (Male) |
| 3:49 | Create | Villager (Male) |
| 4:26 | Create | Villager (Male) |
| 4:27 | Create | Villager (Male) |
| 4:53 | Build | Settlement |
| 5:32 | Create | Villager (Male) |
| 6:03 | Create | Villager (Male) |
| 6:03 | Create | Villager (Male) |
| 6:10 | Build | Outpost |
| 6:34 | Build | Settlement |
| 7:13 | Build | Outpost |
| 8:41 | Build | Outpost |
| 9:29 | Research | Feudal Age |
| 9:50 | Build | Outpost |
| 9:57 | Build | Farm |
| 9:58 | Build | Farm |
| 10:01 | Build | Farm |
| 11:20 | Build | Outpost |
| 11:33 | Build | Barracks |
| 11:39 | Age | Feudal Age |
| 11:58 | Build | Market |
| 12:58 | Create | Spearman |
| 12:58 | Create | Spearman |
| 13:14 | Build | Blacksmith |
| 13:25 | Create | Spearman |
| 13:42 | Create | Spearman |
| 14:08 | Create | Spearman |
| 14:57 | Create | Spearman |
| 16:19 | Build | Outpost |
| 16:28 | Research | Castle Age |
| 16:31 | Create | Spearman |
| 16:31 | Create | Spearman |
| 17:04 | Research | Scale Mail Armor |
| 17:27 | Build | House |
| 17:32 | Build | House |
| 17:39 | Build | Palisade Wall |
| 17:54 | Build | Outpost |
| 18:12 | Build | Settlement |
| 18:47 | Research | Double-Bit Axe |
| 18:51 | Research | Gold Mining |
| 19:08 | Age | Castle Age |
| 19:14 | Build | Castle |
| 19:27 | Build | Farm |
| 19:54 | Create | Villager (Male) |
| 19:54 | Create | Villager (Male) |
| 20:51 | Create | Unit 2579 ×3 |
| 21:15 | Create | Villager (Male) |
| 21:22 | Create | Unit 2579 |
| 21:59 | Create | Villager (Male) |
| 22:20 | Create | Villager (Male) |
| 22:20 | Create | Villager (Male) |
| 22:28 | Create | Unit 2579 ×4 |
| 22:59 | Create | Unit 2579 |
| 23:12 | Build | Farm |
| 23:12 | Build | Farm |
| 23:26 | Create | Unit 2579 |
| 23:45 | Build | Outpost |
| 24:25 | Create | Villager (Male) |
| 24:26 | Create | Villager (Male) |
| 24:39 | Build | Castle |
| 24:59 | Create | Unit 2579 ×5 |
| 25:24 | Create | Villager (Male) |
| 25:25 | Create | Villager (Male) |
| 25:30 | Build | Farm |
| 25:32 | Build | Farm |
| 25:50 | Build | Siege Workshop |
| 27:08 | Create | Spearman |
| 27:08 | Create | Spearman |
| 28:28 | Build | House |
| 28:57 | Create | Villager (Male) |
| 28:57 | Create | Villager (Male) |
| 28:57 | Create | Villager (Male) |
| 28:58 | Create | Villager (Male) |
| 29:15 | Create | Mangonel |
| 29:30 | Build | Palisade Wall |
| 29:56 | Create | Unit 2579 ×2 |
| 31:14 | Build | Farm |
| 31:16 | Build | Farm |
| 31:18 | Build | Farm |
| 31:20 | Build | Farm |
Build order — DEMOCRATIZADOR_666
First 150 of 220 actions detected
| 0:04 | Build | House |
| 0:06 | Build | House |
| 0:07 | Create | Villager (Male) |
| 0:07 | Create | Villager (Male) |
| 0:07 | Create | Villager (Male) |
| 0:08 | Create | Villager (Male) |
| 0:08 | Create | Villager (Male) |
| 1:36 | Create | Villager (Male) |
| 2:10 | Create | Villager (Male) |
| 2:21 | Create | Villager (Male) |
| 2:21 | Create | Villager (Male) |
| 2:45 | Create | Villager (Male) |
| 3:15 | Build | House |
| 3:17 | Create | Villager (Male) |
| 3:28 | Build | Barracks |
| 3:48 | Create | Villager (Male) |
| 3:48 | Create | Villager (Male) |
| 4:24 | Create | Villager (Male) |
| 4:24 | Create | Villager (Male) |
| 4:52 | Build | Mill |
| 5:05 | Create | Villager (Male) |
| 5:29 | Create | Villager (Male) |
| 5:37 | Research | Loom |
| 5:37 | Create | Villager (Male) |
| 5:37 | Create | Villager (Male) |
| 6:22 | Create | Villager (Male) |
| 6:22 | Create | Villager (Male) |
| 6:43 | Build | Lumber Camp |
| 7:14 | Create | Villager (Male) |
| 7:41 | Research | Feudal Age |
| 8:03 | Build | House |
| 8:09 | Create | Militia |
| 8:22 | Create | Militia |
| 8:22 | Create | Militia |
| 8:48 | Build | House |
| 8:51 | Build | House |
| 8:51 | Build | House |
| 8:54 | Build | House |
| 9:09 | Build | Mill |
| 9:15 | Create | Villager (Male) |
| 9:15 | Create | Villager (Male) |
| 9:48 | Create | Militia |
| 9:51 | Age | Feudal Age |
| 9:55 | Create | Villager (Male) |
| 9:58 | Research | Double-Bit Axe |
| 10:19 | Create | Villager (Male) |
| 10:28 | Build | Stable |
| 10:47 | Build | Farm |
| 11:14 | Build | Farm |
| 11:38 | Build | Mining Camp |
| 11:43 | Create | Villager (Male) |
| 11:46 | Create | Villager (Male) |
| 12:08 | Build | Blacksmith |
| 12:11 | Create | Scout Cavalry |
| 12:11 | Create | Scout Cavalry |
| 12:11 | Create | Scout Cavalry |
| 12:45 | Create | Villager (Male) |
| 12:45 | Create | Villager (Male) |
| 12:45 | Create | Villager (Male) |
| 12:58 | Build | Farm |
| 13:18 | Research | Forging |
| 13:18 | Research | Forging |
| 13:32 | Create | Villager (Male) |
| 13:34 | Build | Farm |
| 13:36 | Build | Farm |
| 13:37 | Build | Farm |
| 13:38 | Build | Farm |
| 13:56 | Create | Villager (Male) |
| 14:19 | Build | Farm |
| 14:19 | Build | Farm |
| 14:37 | Create | Villager (Male) |
| 14:41 | Research | Scale Barding Armor |
| 15:04 | Create | Militia |
| 15:04 | Create | Militia |
| 15:14 | Create | Villager (Male) |
| 15:15 | Create | Villager (Male) |
| 15:23 | Build | Market |
| 15:28 | Build | Farm |
| 15:31 | Build | Farm |
| 15:33 | Build | Farm |
| 16:14 | Create | Villager (Male) |
| 16:16 | Build | Farm |
| 16:18 | Build | Farm |
| 16:19 | Build | Farm |
| 16:22 | Create | Villager (Male) |
| 16:22 | Create | Villager (Male) |
| 16:41 | Build | House |
| 16:44 | Build | House |
| 17:36 | Research | Castle Age |
| 17:41 | Build | Mining Camp |
| 18:38 | Research | Bloodlines |
| 18:39 | Create | Villager (Male) |
| 18:40 | Create | Villager (Male) |
| 19:02 | Build | Stone Wall |
| 19:08 | Build | Gate |
| 19:13 | Build | House |
| 19:22 | Build | Stone Wall |
| 19:29 | Build | Gate |
| 19:46 | Build | Stone Wall |
| 19:47 | Build | Stone Wall |
| 20:04 | Build | Archery Range |
| 20:13 | Build | Archery Range |
| 20:16 | Age | Castle Age |
| 20:21 | Build | Siege Workshop |
| 20:26 | Create | Villager (Male) |
| 20:26 | Create | Villager (Male) |
| 20:44 | Build | Stone Wall |
| 20:49 | Build | Town Center |
| 21:07 | Build | Farm |
| 21:17 | Create | Scorpion |
| 21:17 | Create | Scorpion |
| 21:52 | Create | Villager (Male) |
| 22:11 | Create | Villager (Male) |
| 22:11 | Create | Villager (Male) |
| 22:12 | Create | Villager (Male) |
| 22:21 | Create | Militia |
| 22:21 | Create | Militia |
| 22:22 | Create | Militia |
| 22:23 | Create | Militia |
| 22:23 | Create | Militia |
| 22:27 | Create | Villager (Male) |
| 22:28 | Create | Villager (Male) |
| 22:28 | Create | Villager (Male) |
| 22:28 | Create | Villager (Male) |
| 22:28 | Create | Villager (Male) |
| 22:29 | Create | Villager (Male) |
| 22:29 | Create | Villager (Male) |
| 22:29 | Create | Villager (Male) |
| 22:29 | Create | Villager (Male) |
| 22:50 | Build | Lumber Camp |
| 22:53 | Create | Villager (Male) |
| 22:54 | Create | Villager (Male) |
| 22:54 | Create | Villager (Male) |
| 22:54 | Create | Villager (Male) |
| 23:02 | Research | Man-at-Arms (upgrade) |
| 23:07 | Create | Villager (Male) |
| 23:07 | Create | Villager (Male) |
| 23:30 | Create | Villager (Male) |
| 23:30 | Create | Villager (Male) |
| 23:57 | Create | Knight |
| 23:57 | Create | Knight |
| 24:03 | Create | Militia |
| 24:04 | Create | Battering Ram |
| 24:19 | Build | Farm |
| 24:21 | Create | Scorpion |
| 24:25 | Create | Villager (Male) |
| 24:53 | Research | Fletching |
| 25:03 | Build | House |
| 25:04 | Build | House |
| 25:05 | Build | House |
Match timeline
| 3:28 | DEMOCRATIZADOR_666 · first_building Barracks |
| 9:51 | DEMOCRATIZADOR_666 · age_up feudal |
| 10:28 | DEMOCRATIZADOR_666 · first_building Stable |
| 11:33 | El Mike · first_building Barracks |
| 11:39 | El Mike · age_up feudal |
| 12:50 | El Mike · first_market_buy 100 wood |
| 17:23 | DEMOCRATIZADOR_666 · first_market_sell 500 wood |
| 17:24 | DEMOCRATIZADOR_666 · first_market_buy 100 food |
| 17:39 | El Mike · wall_segment Palisade Wall x1 |
| 19:02 | DEMOCRATIZADOR_666 · wall_segment Stone Wall x6 |
| 19:08 | El Mike · age_up castle |
| 19:14 | El Mike · first_building Castle |
| 19:22 | DEMOCRATIZADOR_666 · wall_segment Stone Wall x6 |
| 19:46 | DEMOCRATIZADOR_666 · wall_segment Stone Wall x1 |
| 19:47 | DEMOCRATIZADOR_666 · wall_segment Stone Wall x1 |
| 20:04 | DEMOCRATIZADOR_666 · first_building Archery Range |
| 20:16 | DEMOCRATIZADOR_666 · age_up castle |
| 20:21 | DEMOCRATIZADOR_666 · first_building Siege Workshop |
| 20:44 | DEMOCRATIZADOR_666 · wall_segment Stone Wall x6 |
| 25:24 | DEMOCRATIZADOR_666 · wall_segment Stone Wall x4 |
| 25:26 | DEMOCRATIZADOR_666 · wall_segment Stone Wall x1 |
| 25:27 | DEMOCRATIZADOR_666 · wall_segment Stone Wall x1 |
| 25:28 | DEMOCRATIZADOR_666 · wall_segment Stone Wall x1 |
| 25:50 | El Mike · first_building Siege Workshop |
| 26:21 | DEMOCRATIZADOR_666 · first_building Castle |
| 29:30 | El Mike · wall_segment Palisade Wall x1 |
| 31:43 | El Mike · resign |
[ AI ANALYSIS · 1 CREDIT ]
What really happened in this match?
Wolo.gg analyzes every decision: build order, eco, micro, common mistakes by bracket. Personalized analysis on WhatsApp or Discord in 30 seconds.
Civ guide
Tupi
Map guide
Golden Pit
Perfil
Jugador #8470747